[Event "*** Titled Tuesday 3|2 Blitz"]
[Site "Chess.com"]
[Date "2015.12.01"]
[Round "4"]
[White "GianmarcoVaR"]
[Black "flubs"]
[Result "1-0"]
[WhiteElo "2339"]
[BlackElo "2179"]
[TimeControl "180+2"]
[EndTime "17:51:01 PST"]
[Termination "GianmarcoVaR won by resignation"]

1. d4 d5 2. Nf3 Nf6 3. c4 c6 4.
e3 e6 5. b3 Nbd7 6. Bb2 Be7 7.
Bd3 O-O 8. Qc2 b6 9. O-O Bb7 10.
Nc3 Rc8 11. Rfd1 Qc7 12. Rac1 c5 13. dxc5 Nxc5 14. cxd5 exd5 15. Nb5 Qb8 16. Be5 Nxd3 17. Qxd3 Rxc1 18. Bxb8 Rxd1+ 19. Qxd1 Rxb8 20. Nfd4 a6 21. Nf5 Bf8 22. Nbd4 Rc8 23. f3 Rc3 24. Qd2 Rc7 25. g4 g6 26. Ng3 a5 27. Nge2 Ba6 28. h4 Bb4 29. Qd1 h6 30. Kf2 Nd7 31. Nf4 Bb7 32.
h5 g5 33. Nd3 Bf8 34. Nf5 Ba6 35.
Ne1 Rc5 36. Qd4 f6 37. Qd2 Kf7 38. f4 Bb7 39. Nf3 Rc7 40. N3d4 Nc5 41. Ng3 Re7 42.
Ndf5 Ne4+ 43. Nxe4 Rxe4 44. Nd6+ Bxd6 45. fxg5 fxg5 46.
Kf3 Bc5 47. Qc2 Rxe3+ 48. Kg2 Re6 49. Qh7+ Kf6 50. Qxb7 d4 51. Qd5 Rd6 52. Qf5+ Ke7 53. Qd3 Re6 54. Kf1 Kd6 55. Qf5 Ke7 56. Qd5 Rd6 57.
Qb7+ Ke6 58. Qe4+ Kd7 59. Qh7+ Kc6 60. Qe4+ Kc7 61. Qd3 Rf6+ 62. Ke2 Re6+ 63. Kd1 Re3 64. Qh7+ Kb8 65. Qxh6 Re5 66. Qh8+ 1-0

[Event "*** Titled Tuesday 3|2 Blitz"]
[Site "Chess.com"]
[Date "2015.12.01"]
[Round "4"]
[White "jcibarra"]
[Black "gmjoey1"]
[Result "1-0"]
[WhiteElo "2516"]
[BlackElo "2421"]
[TimeControl "180+2"]
[EndTime "17:51:11 PST"]
[Termination "jcibarra won on time"]

1. e4 c6 2. Nc3 d5 3. Nf3 dxe4 4. Nxe4 Nf6 5. Qe2 Bf5 6. d3 e6 7. g3 Be7 8. Bg2 O-O 9. O-O Nbd7 10. h3 h6 11. Re1 Bh7 12. Bd2 Nc5 13. Nxc5 Bxc5 14.
b4 Bb6 15. Rab1 Re8 16. Ne5 Bd4 17. b5 cxb5 18. Bxb7 Rb8 19. Bc6 Nd5 20. Bxe8 Qxe8 21. c4 Nc3 22. Bxc3 Bxc3 23. Rec1 b4 24. Rb3 Rd8 25.
Rbxc3 bxc3 26. Rxc3 Qa4 27. c5 f6 28. Nf3 e5 29. c6 Rc8 30. c7 Kh8 31. Qe3 Bg8 32. a3 Bd5 33. Ne1 Qd7 34. Qc5 Ba8 35. Kh2 Qf5 36.
Qxa7 e4 37. Qe3 exd3 38. Nxd3 Qd5 39. f3 Qd6 40. Qc5 Qe6 41. Nf2 Qe2 42. Qe3 Qf1 43. Rc1 Qa6 44. Kg2 Qb7 45. Rc3 f5 46. h4 Qd5 47. Qf4 Qe6 48. Qe3 Qd5 49. h5 Bb7 50.
Nh3 Qa2+ 51. Qf2 Qa1 52. Qc2 Qe1 53. Nf4 Ba6 54. Kh2 Kg8 55. Ng6 Kh7 56. Rc5 Be2 57.
Nh4 1-0

[Event "*** Titled Tuesday 3|2 Blitz"]
[Site "Chess.com"]
[Date "2015.12.01"]
[Round "4"]
[White "ChadaevNikolay"]
[Black "MMSANCHEZ"]
[Result "1-0"]
[WhiteElo "2554"]
[BlackElo "2328"]
[TimeControl "180+2"]
[EndTime "17:51:15 PST"]
[Termination "ChadaevNikolay won by resignation"]

1. e4 e6 2. d3 d5 3. Nd2 c5 4. Ngf3 Nc6 5. g3 Bd6 6. Bg2 Nge7 7. O-O O-O 8. Re1 e5 9. exd5 Nxd5 10. Nc4 f6 11. c3 Bc7 12. a4 Re8 13.
Nfd2 Be6 14. Ne4 b6 15. a5 Rc8 16. axb6 axb6 17. Qa4 Bb8 18. Qb5 Na7 19. Qa6 Rc6 20. Ne3 Qd7 21. Nxd5 Bxd5 22. c4 Be6 23. Nc3 Rd6 24.
Nd5 Nc8 25. Be3 Bc7 26. Qb7 Bd8 27. Qxd7 Bxd7 28. Ra8 Ne7 29. Rxd8 Rxd8 30. Nxe7+ Kf7 31. Nd5 Be6 32. Ra1 R8d7 33. b3 h5 34. h4 Kg6 35.
Bf3 Bf5 36. Be4 Re6 37. Kg2 Red6 38. Ra6 Re6 39. Rxb6 Rxb6 40. Nxb6 Bxe4+ 41. dxe4 Rd3 42. Bxc5 Rxb3 43. Be3 f5 44. exf5+ Kxf5 45. c5 Rc3 46. Nd5 Rc2 47. Nc7 g6 48. Ne8 Ke6 49. Nd6 Kd5 50. Nf7 Ke6 51. Ng5+ Kd5 52. Kf1 Ra2 53. Kg2 Rc2 54.
Nf3 Ra2 55. Kh3 Rc2 56. g4 hxg4+ 57. Kxg4 e4 58. Ng5 Rc3 59. Kf4 Ra3 60. Nxe4 Ra8 61.
Nf6+ Ke6 62. Kg5 Rf8 63. Ng4 Rg8 64. Nh2 Kf7 65. Nf3 Ke6 66. c6 Kd6 67. Nd4 Rg7 68. c7 Rg8 69. Bf4+ Kd7 70. Nb5 Rf8 71. Na7 Ra8 72. c8=Q+ Rxc8 73. Nxc8 Kxc8 74. Kxg6 Kd7 75.
h5 1-0

[Event "*** Titled Tuesday 3|2 Blitz"]
[Site "Chess.com"]
[Date "2015.12.01"]
[Round "4"]
[White "adypady02"]
[Black "Fh2411"]
[Result "1-0"]
[WhiteElo "2499"]
[BlackElo "2299"]
[TimeControl "180+2"]
[EndTime "17:51:38 PST"]
[Termination "adypady02 won on time"]

1. e4 e5 2. Nf3 Nc6 3. Bb5 Nf6 4.
d3 Bc5 5. O-O O-O 6. Bxc6 bxc6 7. Nxe5 Re8 8. Nf3 d6 9. h3 h6 10.
Nc3 a5 11. b3 d5 12. e5 Nd7 13. d4 Bf8 14. Ne2 a4 15. Be3 Ba6 16. Re1 c5 17.
Nf4 c6 18. Qd2 c4 19. b4 a3 20. c3 Nb6 21. Ne2 Bc8 22. Ng3 Na4 23. Nh2 Nb2 24. f4 Nd3 25. Rf1 f5 26. Ne2 Qh4 27.
Nf3 Qd8 28. Nc1 Nb2 29. Kh2 Be6 30. Rg1 Qd7 31. Ne2 Kh8 32. Raf1 Nd3 33. Nc1 Nb2 34. Ne1 Reb8 35. Nc2 Qf7 36. Qe2 Na4 37. Bd2 Nb6 38. g4 Nd7 39. Ne3 g6 40. Qg2 Be7 41. Ne2 Rg8 42. Ng3 Nf8 43. Bc1 Nh7 44. Qc2 Bh4 45. Ne2 Nf8 46. Qd2 Nh7 47. Rf3 Rg7 48. Rff1 Rgg8 49.
Rg2 Rg7 50. Rfg1 Rgg8 51. Rd1 Qe7 52. Ng1 Qf7 53. Rf1 Rg7 54. Nf3 Be7 55. Nd1 Rgg8 56. Rfg1 Rgf8 57. Rg3 Rg8 58. R1g2 Rgf8 59. Qe1 Rg8 60.
Qg1 Rgf8 61. Nf2 Rg8 62. Kh1 Rgf8 63. h4 fxg4 64. Nxg4 Bf5 65. Nxh6 Qe6 66. Nxf5 Qxf5 67. Rxg6 Qh3+ 68. Nh2 Bxh4 69. Rh6 Rg8 70. Rgg6 1-0

[Event "*** Titled Tuesday 3|2 Blitz"]
[Site "Chess.com"]
[Date "2015.12.01"]
[Round "4"]
[White "HansCoolNiemann"]
[Black "gauranga"]
[Result "0-1"]
[WhiteElo "2187"]
[BlackElo "2050"]
[TimeControl "180+2"]
[EndTime "17:51:45 PST"]
[Termination "gauranga won by checkmate"]

1. d4 b6 2. e4 Bb7 3. Bd3 Nf6 4.
Nd2 c5 5. d5 e5 6. Nc4 d6 7. a4 a6 8. Ne2 Nbd7 9. Nc3 Be7 10. O-O O-O 11. Be3 Ne8 12. f4 exf4 13. Bxf4 Qc7 14.
Qf3 Bf6 15. Qg3 Ne5 16. Bxe5 Bxe5 17. Qh4 Bc8 18. Nd1 Rb8 19. Nxe5 dxe5 20. Ne3 Nd6 21. c3 b5 22. axb5 axb5 23. Qg3 f6 24. Qf2 c4 25. Bc2 Bd7 26. Ra6 b4 27. Rfa1 bxc3 28. bxc3 Rb2 29. Ra7 Qc8 30. Qf1 Qc5 31. Qc1 Rxc2 32.
Qxc2 Qxe3+ 33. Qf2 Qxf2+ 34. Kxf2 Be8 35. Ke3 Bg6 36.
Rd7 Nxe4 37. Raa7 Nxc3 38. h4 Bf7 39. d6 Nd5+ 40. Ke2 f5 41. h5 e4 42. h6 gxh6 43. Kd2 f4 44. Rab7 h5 45. Kd1 h4 46. Ke1 h3 47. gxh3 e3 48. Rb5 f3 49. Re7 Nxe7 50. dxe7 Re8 51. Re5 e2 52. Kf2 Bg6 53. Kxf3 Kf7 54.
Kf2 Rxe7 55. Rxe7+ Kxe7 56. Kxe2 Kf6 57. Ke3 Kg5 58. Kd4 Bd3 59. Ke3 Kh4 60. Kf2 Kxh3 61. Kf3 h5 62. Ke3 Kg2 63. Kf4 h4 64. Ke3 h3 65.
Kd2 h2 66. Kc3 h1=Q 67. Kb4 Qb1+ 68. Kc3 Qb3+ 69. Kd4 c3 70. Kc5 c2 71. Kd6 c1=Q 72. Ke5 Qe3+ 73. Kf6 Qbe6+ 74. Kg7 Q3h6# 0-1

[Event "*** Titled Tuesday 3|2 Blitz"]
[Site "Chess.com"]
[Date "2015.12.01"]
[Round "4"]
[White "dretch"]
[Black "MITerryble"]
[Result "0-1"]
[WhiteElo "2446"]
[BlackElo "2607"]
[TimeControl "180+2"]
[EndTime "17:51:56 PST"]
[Termination "MITerryble won by resignation"]

1. d4 e6 2. c4 Bb4+ 3. Bd2 Qe7 4. g3 Nf6 5. Bg2 Nc6 6. Nf3 Bxd2+ 7. Qxd2 Ne4 8. Qc2 Qb4+ 9. Kf1 d5 10. cxd5 exd5 11.
Nc3 Nxc3 12. bxc3 Qd6 13. e4 O-O 14. Ng5 Qg6 15. h4 h6 16. Nh3 Bxh3 17. Rxh3 dxe4 18. h5 Qd6 19. Bxe4 Rae8 20. Rh4 Na5 21. Rb1 b6 22. Bd3 Re7 23. c4 Nc6 24. Qc3 Rd8 25.
Rd1 Qb4 26. Qxb4 Nxb4 27. Bb1 Nc6 28. d5 Ne5 29. Re4 Rde8 30. Rde1 Kf8 31. R1e3 Nd7 32.
Rxe7 Rxe7 33. Ra3 a5 34. Bf5 Nc5 35. Rf3 Ke8 36. Rf4 Re5 37. g4 Ke7 38. Bc2 f6 39. Rf3 Kd6 40. Rc3 Re7 41. f4 Ne4 42. Rd3 Kc5 43. Bb3 Nd6 44. Kf2 Kb4 45. Kf3 Re1 46.
g5 fxg5 47. fxg5 hxg5 48. Rd4 Rh1 49. Kg4 Rg1+ 50. Kf3 a4 51. c5+ Kxc5 52. Rxa4 Rf1+ 53. Kg4 Rg1+ 54. Kf3 b5 55. Ra6 Kd4 56. Rc6 Nf5 57.
Rxc7 Ke5 58. Kf2 Rb1 59. Rf7 Rb2+ 60. Kf3 Rd2 61. Rf8 Rd3+ 62. Kf2 Rd2+ 63. Kf3 Rd3+ 64.
Kf2 Rh3 65. Bd1 Rh2+ 66. Kg1 Rxa2 67. Bg4 Ne3 68. Be6 g4 69. Rf7 g3 70. Rf1 Nxf1 71.
Kxf1 b4 0-1

[Event "*** Titled Tuesday 3|2 Blitz"]
[Site "Chess.com"]
[Date "2015.12.01"]
[Round "4"]
[White "bugsbunny444"]
[Black "BellJackson95"]
[Result "0-1"]
[WhiteElo "2343"]
[BlackElo "2185"]
[TimeControl "180+2"]
[EndTime "17:52:13 PST"]
[Termination "BellJackson95 won by resignation"]

1. Nf3 Nf6 2. c4 c5 3. g3 Nc6 4. d4 cxd4 5. Nxd4 Nxd4 6. Qxd4 g6 7. Bg2 Bg7 8. O-O d6 9. c5 dxc5 10. Qxc5 O-O 11. Nc3 Nd7 12. Qb4 a5 13. Qa3 Ra6 14.
Rd1 Be5 15. Nb5 Qb6 16. Rd5 e6 17. Be3 Qd8 18. Rd2 Qf6 19. f4 Bb8 20. Rad1 Nb6 21. Bd4 Qf5 22. Qd3 Qxd3 23. Rxd3 Nd5 24. a3 Bd7 25.
Nc3 Nxc3 26. Bxc3 Bc6 27. Rd8 Bc7 28. Rxf8+ Kxf8 29. Bf6 Ke8 30. Kf1 Rb6 31. Rc1 Bd8 32. Bxd8 Kxd8 33. Bxc6 bxc6 34. Rc2 Kd7 35. Ke1 Kd6 36.
Kd2 Kd5 37. Kc3 Ke4 38. Kd2 Rb5 39. Rc4+ Kf5 40. b4 axb4 41. Rxb4 Rd5+ 42. Kc3 Kg4 43.
Rc4 Ra5 44. Kb4 Rb5+ 45. Kc3 Rb6 46. a4 Kh3 47. a5 Ra6 48. Kb4 Kxh2 49. g4 Kg3 50. g5 Kf2 51. Re4 Kg3 52. e3 Kg4 53. Re5 Kh5 54. Kc4 h6 55. Kd4 hxg5 56. Rxg5+ Kh6 57.
Rc5 Kg7 58. Ke4 Kf6 59. Kd4 Ke7 60. e4 f6 61. e5 f5 62. Kc4 Kf7 63. Kb4 g5 64.
fxg5 Kg6 65. Rc1 Kxg5 66. Ra1 Kf4 67. Re1 Kg3 68. Rd1 f4 69. Rd6 f3 70. Rxe6 c5+ 0-1

[Event "*** Titled Tuesday 3|2 Blitz"]
[Site "Chess.com"]
[Date "2015.12.01"]
[Round "4"]
[White "Gabrielian_Artur"]
[Black "JustaTrickstar"]
[Result "0-1"]
[WhiteElo "2479"]
[BlackElo "2473"]
[TimeControl "180+2"]
[EndTime "17:52:17 PST"]
[Termination "JustaTrickstar won on time"]

1. Nf3 f5 2. g3 Nf6 3. Bg2 g6 4. O-O Bg7 5. d3 O-O 6. c4 d6 7.
Nc3 e5 8. Rb1 a5 9. a3 Nc6 10. b4 axb4 11. axb4 h6 12. b5 Ne7 13. Bb2 g5 14. Ra1 Be6 15. Rxa8 Qxa8 16. Nd2 g4 17. Qa1 c6 18. bxc6 bxc6 19. Qxa8 Rxa8 20. Ra1 Rxa1+ 21. Bxa1 Kf7 22. Nb3 Ke8 23. Bb2 Kd7 24. Kf1 Ne8 25. Ke1 Nc7 26. Na4 Na6 27. Kd2 Kc7 28. Bc3 Nc8 29. Ba5+ Kd7 30. Kc2 Bf6 31. Bd2 Bg5 32. e3 h5 33. Na5 Nb8 34. c5 d5 35. d4 e4 36. Bf1 Kc7 37. Nb3 h4 38. Ba5+ Kb7 39.
Nb6 h3 40. Nxc8 Kxc8 41. Bb6 Bf7 42. Na5 Be8 43. Ba7 Bd8 44. Bb6 Be7 45. Kc3 Bg5 46. Kb4 Bf6 47. Ba7 Bd8 48. Nb3 Kb7 49. Bb6 Bxb6 50. cxb6 Kxb6 51. Nc5 Nd7 52. Ne6 Bf7 53. Nc5 Nb8 54. Na4+ Kc7 55. Ka5 Nd7 56. Kb4 Kd6 57. Ba6 Kc7 58. Ka5 Be8 59. Be2 Bf7 60. Ka6 Kd6 61. Ka5 c5 62. Bf1 cxd4 63. exd4 Nf8 64. Nc3 Ne6 65. Nb5+ Ke7 66. Kb4 Ng5 67. Be2 Nf3 68.
Bxf3 gxf3 69. Nc3 e3 0-1

[Event "*** Titled Tuesday 3|2 Blitz"]
[Site "Chess.com"]
[Date "2015.12.01"]
[Round "4"]
[White "Kacparov"]
[Black "Iball95"]
[Result "1-0"]
[WhiteElo "2518"]
[BlackElo "2417"]
[TimeControl "180+2"]
[EndTime "17:53:12 PST"]
[Termination "Kacparov won by checkmate"]

1. e4 e5 2. Nf3 Nc6 3. Bc4 Bc5 4.
c3 Nf6 5. d3 d6 6. Bb3 a6 7. Nbd2 Be6 8. h3 O-O 9. Bc2 h6 10. Nh2 d5 11. Qf3 dxe4 12. dxe4 Ne7 13. Ng4 Ng6 14. Nxf6+ Qxf6 15. Qxf6 gxf6 16. g3 Rad8 17. Nb3 Bxb3 18. axb3 Kg7 19. b4 Bb6 20. Ke2 Rd7 21. Rd1 Rfd8 22. Rxd7 Rxd7 23. h4 Nf8 24. Ba4 Rd8 25. Bb3 Ne6 26. Bc4 Rd6 27. Bd5 c6 28. Bc4 Rd8 29. Ra2 Rd6 30. Bb3 Rd8 31. Bc2 Rd7 32. Bb1 Rd8 33. b3 Nc7 34. Rd2 Nb5 35.
Rxd8 Bxd8 36. Bd2 Bb6 37. Bd3 Nc7 38. Bc4 Ba7 39. f4 Ne8 40. Kf3 Nd6 41. Bd3 Bb6 42.
Kg4 Ba7 43. Kh5 Bf2 44. fxe5 fxe5 45. Bxh6+ Kh7 46. Bf8 Ne8 47. Kg4 Be1 48. c4 Nc7 49. Bd6 Ne6 50. b5 cxb5 51. cxb5 axb5 52. Bxb5 f6 53.
Bc4 Nd4 54. Be7 Kg7 55. h5 Nc6 56. Bc5 Bd2 57. Bd5 Nd4 58. Be7 b5 59. Kh3 Bg5 60.
Kg2 Kh6 61. g4 Bh4 62. Bb4 Bg5 63. Kf2 Bf4 64. Bf8+ Kh7 65. Ke1 Be3 66. Kd1 Bf4 67.
b4 Bg5 68. Bf7 Bf4 69. Bg6+ Kg8 70. Bc5 Kg7 71. Bf5 Bg5 72. Be7 Bf4 73. Bd6 Kh6 74. Bf8+ Kg5 75. h6 Nxf5 76. gxf5 Kg4 77. h7 Kf3 78.
h8=Q Kxe4 79. Qxf6 Be3 80. Qe6 Kd3 81. f6 Bd4 82. f7 e4 83. Bc5 e3 84. Bxd4 e2+ 85. Qxe2+ Kxd4 86. Qxb5 Kc3 87. f8=Q Kd4 88. Qbc5+ Kd3 89.
Qff5# 1-0

[Event "*** Titled Tuesday 3|2 Blitz"]
[Site "Chess.com"]
[Date "2015.12.01"]
[Round "5"]
[White "StellarChessPro"]
[Black "chessbia"]
[Result "1-0"]
[WhiteElo "2256"]
[BlackElo "2122"]
[TimeControl "180+2"]
[EndTime "17:57:01 PST"]
[Termination "StellarChessPro won by resignation"]

1. d4 d5 2. Nf3 Nf6 3. e3 c6 4. c4 e6 5. Nbd2 Nbd7 6. Bd3 Be7 7. b3 O-O 8. Bb2 h6 9. Qe2 Re8 10. O-O Nf8 11. Ne5 dxc4 12. bxc4 c5 13. f4 b6 14. g4 Bb7 15. g5 hxg5 16. fxg5 N6h7 17. Nxf7 Qc7 18. Qh5 cxd4 19. exd4 Bb4 20. g6 Nxg6 21. Bxg6 1-0

[Event "*** Titled Tuesday 3|2 Blitz"]
[Site "Chess.com"]
[Date "2015.12.01"]
[Round "5"]
[White "Gabrinsky"]
[Black "Gevorg_Harutjunyan"]
[Result "0-1"]
[WhiteElo "2340"]
[BlackElo "2513"]
[TimeControl "180+2"]
[EndTime "17:57:03 PST"]
[Termination "Gevorg_Harutjunyan won by resignation"]

1. e4 c6 2. Nc3 d5 3. Nf3 Bg4 4. h3 Bxf3 5. Qxf3 Nf6 6. d3 e6 7.
Qg3 Na6 8. Be2 g6 9. Bf4 Nb4 10. O-O-O d4 11. a3 dxc3 12. axb4 cxb2+ 13. Kxb2 Bxb4 14. Be5 Qb6 15. Rb1 Bd2+ 16. Ka2 Qa5+ 17. Kb2 Qb4+ 18.
Ka2 Qa4+ 19. Kb2 Bb4 20. Ra1 Qb5 21. Rhb1 Bd6+ 22. Kc1 Qxe5 23. f4 Qxf4+ 0-1

[Event "*** Titled Tuesday 3|2 Blitz"]
[Site "Chess.com"]
[Date "2015.12.01"]
[Round "5"]
[White "AdrianaNikolova"]
[Black "norwaytoadog"]
[Result "1-0"]
[WhiteElo "2187"]
[BlackElo "1892"]
[TimeControl "180+2"]
[EndTime "17:58:50 PST"]
[Termination "AdrianaNikolova won on time"]

1. e4 e5 2. Nf3 Nc6 3. Bb5 a6 4. Ba4 Nf6 5. O-O Be7 6. Re1 b5 7. Bb3 d6 8. c3 O-O 9. h3 Bb7 10. a4 h6 11. d4 Re8 12. axb5 axb5 13. Rxa8 Bxa8 14. dxe5 dxe5 15. Qe2 b4 16. Nbd2 Bc5 17. Bxf7+ Kxf7 18. Qc4+ Re6 19. Qxc5 bxc3 20. bxc3 Qd3 21. Nc4 1-0

[Event "*** Titled Tuesday 3|2 Blitz"]
[Site "Chess.com"]
[Date "2015.12.01"]
[Round "5"]
[White "JustaTrickstar"]
[Black "Kacparov"]
[Result "0-1"]
[WhiteElo "2464"]
[BlackElo "2532"]
[TimeControl "180+2"]
[EndTime "17:59:39 PST"]
[Termination "Kacparov won by resignation"]

1. c4 Nf6 2. Nc3 e6 3. d4 Bb4 4.
e3 O-O 5. Bd3 d5 6. Nf3 c5 7. a3 Bxc3+ 8. bxc3 dxc4 9. Bxc4 Qc7 10. Be2 b6 11. O-O Ba6 12. Bxa6 Nxa6 13. Qe2 Qb7 14.
a4 Rac8 15. Nd2 cxd4 16. cxd4 Rfd8 17. Rb1 Nd5 18. Qf3 Qd7 19. a5 bxa5 20. Ra1 a4 21. Qd1 Nc3 22. Qh5 Nb4 23. Bb2 Ncd5 24. Ne4 Nd3 25. Ba3 f5 26. Nc5 Nxc5 27. Bxc5 Rb8 28. Qd1 Rb3 29. Qd2 Qb5 30. Bxa7 Ra8 31. Bc5 a3 32.
Qc1 a2 33. Qc2 Rb2 34. Qc1 Qb3 35. Qe1 Nc3 36. d5 Rb1 37. Qd2 Rxa1 0-1

[Event "*** Titled Tuesday 3|2 Blitz"]
[Site "Chess.com"]
[Date "2015.12.01"]
[Round "5"]
[White "gmjoey1"]
[Black "kungmongmanh"]
[Result "1-0"]
[WhiteElo "2428"]
[BlackElo "2380"]
[TimeControl "180+2"]
[EndTime "18:00:02 PST"]
[Termination "gmjoey1 won by resignation"]

1. e4 c5 2. c3 d5 3. exd5 Qxd5 4. d4 Nf6 5. Nf3 Bg4 6. Be2 cxd4 7. cxd4 Nc6 8. Nc3 Qa5 9. h3 Bh5 10. g4 Bg6 11.
Ne5 e6 12. Bb5 Rc8 13. O-O Bb4 14. Bxc6+ bxc6 15. Qf3 Nd5 16. h4 Bxc3 17. h5 Bxd4 18. hxg6 O-O 19. gxf7+ Rxf7 20. Qxf7+ Kh8 21. Qxe6 Qc7 22.
Nf7+ Kg8 23. Nd6+ Kf8 24. Qxc8+ Qxc8 25. Nxc8 1-0

[Event "*** Titled Tuesday 3|2 Blitz"]
[Site "Chess.com"]
[Date "2015.12.01"]
[Round "5"]
[White "Fandorine"]
[Black "MattyDPerrine"]
[Result "1-0"]
[WhiteElo "2531"]
[BlackElo "2258"]
[TimeControl "180+2"]
[EndTime "18:00:14 PST"]
[Termination "Fandorine won by resignation"]

1. e4 c5 2. b3 Nf6 3. e5 Nd5 4.
Bb2 e6 5. Nf3 Be7 6. g3 O-O 7.
Bg2 Nc6 8. O-O b6 9. c4 Nc7 10. d4 cxd4 11. Nxd4 Bb7 12. Nc3 Rb8 13. Re1 Nxd4 14.
Qxd4 Bxg2 15. Kxg2 Qc8 16. Ne4 Rd8 17. Rac1 Qb7 18.
Kg1 Ne8 19. Red1 Bf8 20. Qe3 d5 21. exd6 Nxd6 22. Nxd6 Rxd6 23. Rxd6 Bxd6 24. Bxg7 Kxg7 25. Qd4+ Kg8 26. Qxd6 Rc8 27. Qe5 Qf3 28. Rc3 Qd1+ 29. Kg2 Rd8 30. Rf3 Qd3 31. Rxd3 1-0

[Event "*** Titled Tuesday 3|2 Blitz"]
[Site "Chess.com"]
[Date "2015.12.01"]
[Round "5"]
[White "gauranga"]
[Black "Konavets"]
[Result "0-1"]
[WhiteElo "2048"]
[BlackElo "2507"]
[TimeControl "180+2"]
[EndTime "18:00:18 PST"]
[Termination "Konavets won by resignation"]

1. b3 e5 2. Bb2 Nc6 3. e3 a6 4. c4 Nf6 5. d3 d5 6. cxd5 Nxd5 7. a3 Be7 8. Nd2 O-O 9. Ngf3 Be6 10. Nxe5 Nxe5 11. Bxe5 Bf6 12. Bxf6 Qxf6 13. Rc1 Qg6 14. Nf3 Rfe8 15. Qc2 Rad8 16. Qb2 Bf5 17. Nh4 Qg5 18. Nxf5 Qxf5 19. Be2 Nxe3 20. fxe3 Rxe3 21. Rf1 Qxd3 22.
Rf3 Rxf3 23. gxf3 Qe3 24. Rc3 Qg1+ 25. Bf1 Re8+ 26. Qe2 Rxe2+ 27. Kxe2 Qxh2+ 28. Ke3 h5 29. Bd3 h4 30. Be4 c6 31. Rd3 g6 32. f4 h3 33. Bf3 Qg1+ 34. Ke4 h2 35. Rd1 Qxd1 0-1

[Event "*** Titled Tuesday 3|2 Blitz"]
[Site "Chess.com"]
[Date "2015.12.01"]
[Round "5"]
[White "JustKid"]
[Black "Assasin14"]
[Result "1-0"]
[WhiteElo "2106"]
[BlackElo "1899"]
[TimeControl "180+2"]
[EndTime "18:00:46 PST"]
[Termination "JustKid won by checkmate"]

1. d4 d5 2. c4 c6 3. cxd5 cxd5 4. Bf4 Nf6 5. e3 Nc6 6. Nc3 a6 7. Bd3 Bg4 8. Nge2 e6 9. O-O Be7 10. f3 Bh5 11. Rc1 O-O 12. a3 Rc8 13. Na4 Na5 14. Nc5 Bxc5 15. dxc5 Nc6 16. b4 e5 17. Bg5 Bg6 18. Bxg6 hxg6 19. Nc3 d4 20. Ne4 dxe3 21.
Nd6 Rc7 22. Bxe3 Ne8 23. Nc4 Rd7 24. Qe2 Nc7 25. Nd6 Nb5 26. Nxb5 axb5 27. Qxb5 Rd3 28. Bf2 Rxa3 29. Qxb7 Nd4 30. Rfe1 Qg5 31. Bxd4 exd4 32. c6 d3 33. c7 d2 34. c8=Q dxe1=Q+ 35. Rxe1 Rxc8 36.
Qxc8+ Kh7 37. Qh3+ Qh5 38. Qxh5+ gxh5 39. Rb1 Ra6 40. b5 Rb6 41. Kf2 g6 42. Ke3 Kg7 43.
Kd4 Kf6 44. Kc5 Rb8 45. b6 Kf5 46. Kc6 Kf4 47. Kc7 Rg8 48. b7 Re8 49. b8=Q Rxb8 50. Rxb8 h4 51. Kd6 Ke3 52. Rb2 f5 53. Ke6 Kf4 54. Kf6 g5 55. Rb4+ Ke3 56. Kxg5 Kf2 57. Kxh4 Kxg2 58. Rf4 Kxh2 59. Rxf5 Kg2 60. f4 Kf2 61. Rg5 Ke2 62. f5 Kf3 63. f6 Kf4 64. f7 Ke4 65. f8=Q Kd4 66. Rg7 Ke4 67. Re7+ Kd4 68.
Qd8+ Kc5 69. Rc7+ Kb6 70. Qb8+ Ka6 71. Ra7# 1-0

[Event "*** Titled Tuesday 3|2 Blitz"]
[Site "Chess.com"]
[Date "2015.12.01"]
[Round "5"]
[White "ChadaevNikolay"]
[Black "Dlugy"]
[Result "0-1"]
[WhiteElo "2545"]
[BlackElo "2528"]
[TimeControl "180+2"]
[EndTime "18:00:47 PST"]
[Termination "Dlugy won by resignation"]

1. e4 c5 2. Nf3 d6 3. d4 cxd4 4. Nxd4 Nf6 5. Nc3 Nc6 6. Bg5 e6 7.
Qd2 a6 8. O-O-O h6 9. Be3 Nxd4 10. Bxd4 b5 11. f3 Qa5 12. Bxf6 gxf6 13. Kb1 b4 14.
Ne2 Qc5 15. Nd4 Bd7 16. f4 h5 17. g3 a5 18. Bh3 a4 19. Rhe1 a3 20. b3 Rc8 21. Qd3 Qc3 22. Qxc3 Rxc3 23. Rd3 Rc5 24. f5 Ke7 25. Red1 h4 26. g4 Bh6 27. c4 bxc3 28.
Kc2 Bf4 29. Rh1 Be5 30. Bg2 h3 31. Bf3 Bc8 32. b4 Rc4 33. Nb3 Rxb4 34. Re3 Ba6 35. Be2 Bb7 36. Bf3 Rc8 37. Re2 Ba6 38. Re3 Bf4 39. Ree1 Bc4 40. Rb1 Rcb8 41. Rhd1 Bxh2 42. Rh1 Be5 43. fxe6 h2 44. exf7 Kxf7 45. g5 fxg5 46. Bh5+ Ke7 47. Bg4 Bxb3+ 48. Rxb3 Rxb3 49. axb3 a2 50.
Ra1 Rf8 0-1

[Event "*** Titled Tuesday 3|2 Blitz"]
[Site "Chess.com"]
[Date "2015.12.01"]
[Round "5"]
[White "ItalianMachine"]
[Black "UltimateCrusher2"]
[Result "1-0"]
[WhiteElo "2223"]
[BlackElo "2020"]
[TimeControl "180+2"]
[EndTime "18:01:12 PST"]
[Termination "ItalianMachine won by checkmate"]

1. e4 c5 2. Nc3 d6 3. g3 e5 4. Bg2 Nc6 5. d3 Nge7 6. Nge2 g6 7. h3 Bg7 8. O-O O-O 9. f4 f5 10. Be3 b6 11. Kh2 Rb8 12. Qd2 Nd4 13. Ng1 Be6 14.
Nd5 Nxd5 15. exd5 Bf7 16. a4 b5 17. axb5 Rxb5 18. Ra2 Qb6 19. c3 Nb3 20. Qf2 Na5 21.
Rfa1 Rb8 22. b4 Nb7 23. Ra6 Qc7 24. Rc6 Qd7 25. Rxa7 cxb4 26. c4 Ra5 27. Bb6 Rxa7 28.
Bxa7 Ra8 29. Qb6 Nc5 30. Rc7 Qd8 31. Qc6 Be8 32. Qb6 Na4 33. Qb7 Bf8 34. Nf3 b3 35. Ng5 b2 36. Rxh7 Rxa7 37. Qxa7 b1=Q 38. Rh8+ Kxh8 39. Qh7# 1-0

[Event "*** Titled Tuesday 3|2 Blitz"]
[Site "Chess.com"]
[Date "2015.12.01"]
[Round "5"]
[White "Yaacovn"]
[Black "jlandaw"]
[Result "1-0"]
[WhiteElo "2628"]
[BlackElo "2363"]
[TimeControl "180+2"]
[EndTime "18:01:22 PST"]
[Termination "Yaacovn won on time"]

1. d4 Nf6 2. Nf3 e6 3. c4 b6 4. g3 Ba6 5. Qc2 Be7 6. Bg2 O-O 7. O-O c6 8. b3 d5 9. Bb2 Nbd7 10. Nbd2 Rc8 11.
Rac1 c5 12. Qb1 cxd4 13. Nxd4 Bb4 14. Rfd1 Bxd2 15. Rxd2 dxc4 16. Nc6 Qe8 17. Nb4 Nc5 18. Nxa6 Nxa6 19. Bb7 Nc5 20. Bxc8 Nfe4 21. Rd4 Qc6 22. Rcxc4 Ng5 23. f3 Rxc8 24. b4 Nxf3+ 25. exf3 Qxf3 26. bxc5 Qe3+ 27. Kg2 Qe2+ 28. Kh3 g5 29. Rg4 1-0

[Event "*** Titled Tuesday 3|2 Blitz"]
[Site "Chess.com"]
[Date "2015.12.01"]
[Round "5"]
[White "Boryboy"]
[Black "Hikaru"]
[Result "0-1"]
[WhiteElo "2535"]
[BlackElo "2905"]
[TimeControl "180+2"]
[EndTime "18:01:23 PST"]
[Termination "Hikaru won by resignation"]

1. d4 g6 2. g3 f5 3. Bg2 Nf6 4. c3 Bg7 5. Qb3 Nc6 6. Nh3 b6 7. Nd2 Bb7 8. O-O Na5 9. Qc2 Bxg2 10. Kxg2 O-O 11. e4 e6 12. Nf4 Bh6 13. e5 Bxf4 14.
gxf4 Nh5 15. Nf3 d5 16. h3 c5 17. Qd3 Nc6 18. Be3 c4 19. Qc2 b5 20. b4 a5 21. a3 Qb6 22. Rg1 Ra6 23. Qb2 Rfa8 24. Rgb1 Qa7 25. Bc1 axb4 26. cxb4 Ra4 27. Qc3 h6 28. Kh1 Kh7 29. Ra2 Qe7 30. Re2 Nd8 31.
Re1 R8a6 32. Rg1 Nc6 33. Qe3 Qa7 34. Kg2 Rxa3 35. Bxa3 Rxa3 36. Qd2 Ra2 37. Qe3 Ra3 38. Qd2 Qa4 39. Nh4 c3 40. Qc1 Nxd4 41. Kh1 c2 42. Ra1 Rxa1 43. Qxa1 Qxa1 44. Rxa1 Nb3 45. Ra7+ Kg8 46.
Ra8+ Kf7 47. Ra7+ Ke8 48. Rc7 c1=Q+ 49. Rxc1 Nxc1 50. Nxg6 Nd3 0-1

[Event "*** Titled Tuesday 3|2 Blitz"]
[Site "Chess.com"]
[Date "2015.12.01"]
[Round "5"]
[White "yopino"]
[Black "ArnaudovP"]
[Result "0-1"]
[WhiteElo "2225"]
[BlackElo "2326"]
[TimeControl "180+2"]
[EndTime "18:01:34 PST"]
[Termination "ArnaudovP won by resignation"]

1. e4 e5 2. Nf3 Nc6 3. Bb5 a6 4. Bxc6 dxc6 5. O-O Qf6 6. d4 exd4 7. Qxd4 Qxd4 8. Nxd4 Bd7 9. Be3 O-O-O 10. f3 Re8 11. Bf2 g6 12. Nc3 Bg7 13. Rad1 Ne7 14. Rfe1 c5 15.
Nb3 Bxc3 16. bxc3 b6 17. Nc1 Nc6 18. Nd3 Be6 19. a3 g5 20. Bg3 f6 21. h4 h6 22.
Kf2 Na5 23. f4 Nc4 24. f5 Bf7 25. a4 a5 26. e5 gxh4 27. Bf4 fxe5 28. Nxe5 Nxe5 29.
Bxe5 Rhg8 30. Bf4 Rg4 31. Kf3 h5 32. Rxe8+ Bxe8 33. Ke4 Rxg2 34. f6 h3 35. Rh1 Bg6+ 36. Kf3 Kd7 37. Rxh3 Rxc2 38. Rg3 Rxc3+ 39. Kf2 Rxg3 40.
Kxg3 Be8 41. Kh4 c6 42. Kg5 Ke6 43. Bc7 b5 44. Bxa5 bxa4 45. Bc3 c4 46. Bb2 Kd5 47.
Kh6 h4 48. Bc1 h3 49. Bf4 a3 0-1